 Dungeon Crawl Stone Soup version 0.30-a0-457-g4b7bca3bfa (webtiles) character file.

Game seed: 6463378529109657324

66 ryw the Covert (level 4, 0/41 HPs)
             Began as a Gnoll Delver on Dec 14, 2022.
             Succumbed to an adder's poison
             ... on level 4 of the Dungeon.
             The game lasted 00:01:19 (305 turns).

ryw the Covert (Gnoll Delver)                        Turns: 305, Time: 00:01:20

Health: 0/41       AC:  3    Str: 13    XL:     4   Next: 15%
Magic:  5/5        EV: 13    Int: 10    God:
Gold:   36         SH:  0    Dex: 13    Spells: 5/5 levels left

rFire   . . .      SeeInvis .    a - +0 falchion
rCold   . . .      Faith    .    (no shield)
rNeg    . . .      Spirit   .    b - +0 leather armour
rPois   .          Reflect  .    (no helmet)
rElec   .          Harm     .    (no cloak)
rCorr   .          Rampage  .    (no gloves)
Will    .....                    (no boots)
Stlth   ++++......               (no amulet)
HPRegen 0.26/turn                (no ring)
MPRegen 0.09/turn                (no ring)

@: lethally poisoned (0 -> -11)
A: fangs 1, strong nose, distributed training
a: no special abilities


You were on level 4 of the Dungeon.
You visited 1 branch of the dungeon, and saw 2 of its levels.

You collected 36 gold pieces.

Inventory:

Hand Weapons
 a - a +0 falchion (weapon)
Armour
 b - a +0 leather armour (worn)
 f - a +0 buckler
Wands
 g - a wand of digging (3)
Scrolls
 c - a scroll of fog
 d - a scroll of magic mapping
 e - a scroll of fear


   Skills:
 + Level 6.6 Fighting
 + Level 1.1 Short Blades
 + Level 4.6 Long Blades
 + Level 1.1 Axes
 + Level 1.1 Maces & Flails
 + Level 1.1 Polearms
 + Level 1.1 Staves
 + Level 1.1 Ranged Weapons
 + Level 1.1 Throwing
 + Level 1.1 Armour
 + Level 4.6 Dodging
 + Level 9.6 Stealth
 + Level 1.1 Shields
 + Level 1.1 Unarmed Combat
 + Level 1.1 Spellcasting
 + Level 0.8 Conjurations
 + Level 0.8 Hexes
 + Level 0.8 Summonings
 + Level 0.8 Necromancy
 + Level 0.8 Translocations
 + Level 0.8 Transmutations
 + Level 0.8 Fire Magic
 + Level 0.8 Ice Magic
 + Level 0.8 Air Magic
 + Level 0.8 Earth Magic
 + Level 0.8 Poison Magic
 + Level 1.2 Invocations
 + Level 1.1 Evocations


You had 5 spell levels left.
You didn't know any spells.
Your spell library contained the following spells:

 Spells                   Type           Power      Damage    Failure   Level
 Sublimation of Blood     Necr           2%         N/A       43%         2
 Wereblood                Tmut           2%         N/A       43%         2
 Animate Armour           Summ/Erth      4%         N/A       97%         4
 Blade Hands              Tmut           1%         N/A       100%        5
 Iron Shot                Conj/Erth      1%         9d1       100%        6
 Summon Hydra             Summ           1%         N/A       100%        7


Dungeon Overview and Level Annotations

Branches:
Dungeon (5/15)
 Temple: D:4-7

Altars:

Annotations:
D:4 1 transporter, Vadun's ghost, amateur DsGl
D:5 1 runed translucent door, Cancer's ghost, novice GrEE


Innate Abilities, Weirdness & Mutations

You have very sharp teeth.
Your uncanny sense of smell can sniff out nearby items.
Your experience applies equally to all skills.


Message History

You hit the adder.
The adder is lightly wounded.
You hear the slow rusting of a drain nearby.
You feel sick.
The adder misses you. x2; The adder closely misses you.
You barely miss the adder.
The adder is lightly wounded.
You feel sick. The adder bites you but does no damage.
The adder barely misses you. The adder closely misses you.
You hit the adder. Your bite misses the adder.
The adder is severely wounded.
You feel sick. The adder bites you but does no damage. The adder misses you.
You slash the adder!
You kill the adder!
You feel sick.
You are no longer poisoned.
The adder barely misses you.
You barely miss the adder. The adder bites you but does no damage.
The adder bites you.
You are poisoned.
The adder poisons you!
You barely miss the adder. Your bite misses the adder.
You feel sick. The adder bites you.
* * * LOW HITPOINT WARNING * * *
You are more poisoned.
The adder poisons you!
You closely miss the adder.
* * * LOW HITPOINT WARNING * * *
You feel sick. The adder bites you.
* * * LOW HITPOINT WARNING * * *
The adder bites you but does no damage.
You hit the adder.
The adder is moderately wounded.
* * * LOW HITPOINT WARNING * * *
You feel sick. The adder bites you.
* * * LOW HITPOINT WARNING * * *
You are more poisoned.
The adder poisons you!
You miss the adder.
The adder is moderately wounded.
You die...

...... #.... ..... #....
.... ## ##.... S.. . #.
......$ ∆ .. .##....J..#.$.
.##.(............
###...........#.##. ##....#
#....#.#.. # #.†@###
#....#.#.. ###.####.S##
#....#.... #.........)#
#....#...# #..........#
####.###....#
#..........####...........#
#.......................#.#
#..)......####.©.####..##.#
.....#..### ##### ##.##.#
#....#.## ..$)... #.....


You could see an adder.

Vanquished Creatures
  A scorpion (D:5)
  An adder (D:4)
  A hobgoblin (D:4)
3 creatures vanquished.

Vanquished Creatures (others)
  2 plants (D:5)
2 creatures vanquished.

Grand Total: 5 creatures vanquished

Notes
Turn   | Place    | Note
-------+----------+-------------------------------------------
     0 | D:5      | Reached skill level 9 in Stealth
     0 | D:5      | ryw the Gnoll Delver began the quest for the Orb.
     0 | D:5      | Reached XP level 1. HP: 23/23 MP: 1/1
     0 | D:5      | Found a runed translucent door.
     2 | D:5      | Noticed a vampire mosquito
     2 | D:5      | Noticed Cancer's ghost (novice GrEE)
    85 | D:5      | Noticed a scorpion
    99 | D:5      | Killed a scorpion
   100 | D:5      | Reached skill level 1 in Short Blades
   100 | D:5      | Reached skill level 1 in Axes
   100 | D:5      | Reached skill level 1 in Maces & Flails
   100 | D:5      | Reached skill level 1 in Polearms
   100 | D:5      | Reached skill level 1 in Staves
   100 | D:5      | Reached skill level 1 in Ranged Weapons
   100 | D:5      | Reached skill level 1 in Throwing
   100 | D:5      | Reached skill level 1 in Armour
   100 | D:5      | Reached skill level 1 in Shields
   100 | D:5      | Reached skill level 1 in Unarmed Combat
   100 | D:5      | Reached skill level 1 in Spellcasting
   100 | D:5      | Reached skill level 1 in Invocations
   100 | D:5      | Reached skill level 1 in Evocations
   100 | D:5      | Reached XP level 2. HP: 13/29 MP: 1/3
   100 | D:5      | Reached XP level 3. HP: 15/35 MP: 1/4
   244 | D:5      | Noticed a black bear
   259 | D:4      | Found a transporter.
   268 | D:4      | Noticed Vadun's ghost (amateur DsGl)
   287 | D:4      | Reached XP level 4. HP: 37/41 MP: 5/5
   305 | D:4      | Succumbed to an adder's poison

Illustrated notes

Levels and vault maps discovered:
D:4:      layout_rooms, gup_sewer_entry_pipe, gammafunk_ghost_stat_death,
          nicolae_concentric_dashed_squares_mild, dk_vineyard_2
D:5:      layout_loops_ring, minmay_temple_entry_statues_pillars,
          ebering_ghost_inner_flame, chequers_big_river, palyth_stone_intersect

Skill      XL: |  1 |
---------------+----+-----
Stealth        | |  9.6
Short Blades   | 1 |  1.1
Axes           | 1 |  1.1
Maces & Flails | 1 |  1.1
Polearms       | 1 |  1.1
Staves         | 1 |  1.1
Ranged Weapons | 1 |  1.1
Throwing       | 1 |  1.1
Armour         | 1 |  1.1
Shields        | 1 |  1.1
Unarmed Combat | 1 |  1.1
Spellcasting   | 1 |  1.1
Invocations    | 1 |  1.2
Evocations     | 1 |  1.1
Fighting       | |  6.6
Long Blades    | |  4.6
Dodging        | |  4.6
Conjurations   | |  0.8
Hexes          | |  0.8
Summonings     | |  0.8
Necromancy     | |  0.8
Translocations | |  0.8
Transmutations | |  0.8
Fire Magic     | |  0.8
Ice Magic      | |  0.8
Air Magic      | |  0.8
Earth Magic    | |  0.8
Poison Magic   | |  0.8

Action                   |  1- 3 |  4- 6 || total
-------------------------+-------+-------++-------
Melee: Falchion          |    10 |    19 ||    29
       Punch             |     1 |       ||     1
       Bite              |       |     1 ||     1
  Use: Potion            |     1 |       ||     1
Armor: Leather armour    |     1 |     8 ||     9
Dodge: Dodged            |     5 |    22 ||    27

Table legend: (Time is in decaauts)
 A = Elapsed time spent in this place.
 B = Non-inter-level travel time spent in this place.
 C = Inter-level travel time spent in this place.
 D = Time resting spent in this place.
 E = Time spent auto-exploring this place.
 F = Levels seen in this place.
 G = Mean time per level.
                   A        B        C        D        E       F      G
               +--------+--------+--------+--------+--------+-----+--------+
         Total |    293 |    293 |      0 |    110 |      0 |   2 |  146.5 |
       Dungeon |    293 |    293 |      0 |    110 |      0 |   2 |  146.5 |
               +--------+--------+--------+--------+--------+-----+--------+

Top non-repeatable levels by time:
     D:5: 235 daAuts
     D:4: 58 daAuts
